 Dungeon Crawl Stone Soup version 0.15-a0-1309-g3520d71 (webtiles) character file.

70612 Chiseanne the Eclecticist (level 14, -4/93 HPs)
             Began as a Demonspawn Wanderer on June 6, 2014.
             Was a High Priest of Vehumet.
             Killed by divine providence
             ... invoked by a smoke demon
              (11 damage)
             ... on Level 8 of the Lair of Beasts on June 7, 2014.
             The game lasted 03:40:51 (38329 turns).

Chiseanne the Eclecticist (Demonspawn Wanderer)    Turns: 38329, Time: 03:40:51

HP  -4/93        AC  8     Str 12      XL: 14   Next: 94%
MP   0/46        EV 14     Int 19      God: Vehumet [*****.]
Gold 1705        SH  0     Dex 13      Spells: 11 memorised, 11 levels left

rFire  + . .     SeeInvis .     a - staff of conjuration
rCold  + + .     Clarity  .     M - +2 robe {rC+ rF+}
rNeg   . . .     rCorr    .     (no shield)
rPois  .         rRot     .     (no helmet)
rElec  .         Spirit   +     p - +2 cloak {+Inv}
SustAb .         Warding  .     x - +0 pair of gloves
rMut   .         Stasis   .     (boots unavailable)
Gourm  .                        b - amulet of guardian spirit
MR     +....                    H - ring of magical power
                                l - +5,+2 ring of slaying

@: swift, delayed fireball, quick, somewhat resistant to hostile enchantments,
unstealthy
A: talons 3, repulsion field 1, cold resistance 1, powered by death 1, powered
by pain 2
a: Renounce Religion, Release Delayed Fireball, Evoke Invisibility


You were on level 8 of the Lair of Beasts.
You worshipped Vehumet.
Vehumet was extremely pleased with you.
You were hungry.

You visited 4 branches of the dungeon, and saw 23 of its levels.

You collected 2009 gold pieces.
You spent 304 gold pieces at shops.

Inventory:

Hand weapons
 d - a +2,+2 flail of protection
 f - the +1,+8 cutlass of Imbalance {drain, rElec Int-2}
   (You took it off an orc warrior on level 6 of the Dungeon)

   A truly terrible weapon, it drains the life of those it strikes.
   It affects your intelligence (-2).
   It insulates you from electricity.
 s - a +3,+2 dagger of electrocution
Armour
 p - a +2 cloak of darkness (worn)
 x - a +0 pair of gloves (worn)
 A - the cursed -3 scale mail "Ploogy" {rPois SInv}
   (You found it on level 6 of the Lair of Beasts)

   It protects you from poison.
   It enhances your eyesight.
   It has a curse placed upon it.
 J - a fire dragon hide
 M - a +2 robe of resistance (worn)
Magical devices
 u - a wand of digging (5)
 B - a wand of fire (2)
 G - a wand of confusion (6)
 I - a wand of disintegration (20)
 L - a wand of random effects (18)
 R - a wand of lightning (4)
 U - a wand of fireball (1)
 Y - a wand of slowing (12)
Comestibles
 n - 3 royal jellies
 r - 5 meat rations
 E - 17 fruits
 O - 7 bread rations
 S - a slice of pizza
 W - a beef jerky
Scrolls
 c - a scroll of recharging
 g - 3 scrolls of enchant armour
 w - a scroll of fear
 y - 8 scrolls of identify
 D - 2 scrolls of vulnerability
 F - 2 scrolls of immolation
 N - 4 scrolls of remove curse
 V - 2 scrolls of fog
Jewellery
 b - an amulet of guardian spirit (around neck)
 h - an uncursed ring of ice
 l - a +5,+2 ring of slaying (left hand)
 o - an uncursed amulet of stasis
 C - an uncursed ring of protection from cold
 H - a ring of magical power (right hand)
Potions
 e - a potion of lignification
 j - 5 potions of curing
 k - 4 potions of restore abilities
 m - a potion of brilliance
 v - 2 potions of might
 K - 2 potions of flight
Books
 i - a book of Air

   Spells                             Type                      Level
   Shock                              Conjuration/Air              1
   *Swiftness                         Charms/Air                   2
   Repel Missiles                     Charms/Air                   2
   Flight                             Charms/Air                   3
   Static Discharge                   Conjuration/Air              3
   Lightning Bolt                     Conjuration/Air              5
 q - a book of Wizardry

   Spells                             Type                      Level
   Agony                              Necromancy                   5
   Force Lance                        Conjuration                  5
   Dispersal                          Translocation                6
   Haste                              Charms                       6
   Invisibility                       Hexes                        6
   Spellforged Servitor               Conjuration/Summoning        7
 t - the Volume of Cold
   (You found it on level 4 of the Lair of Beasts)

   Spells                             Type                      Level
   Freeze                             Ice                          1
   Condensation Shield                Ice                          4
   Metabolic Englaciation             Hexes/Ice                    5
   Freezing Cloud                     Conjuration/Ice/Air          6
 z - a book of Conjurations

   Spells                             Type                      Level
   *Magic Dart                        Conjuration                  1
   Searing Ray                        Conjuration                  2
   Dazzling Spray                     Conjuration/Hexes            3
   Fulminant Prism                    Conjuration/Hexes            4
   *Iskenderun's Mystic Blast         Conjuration                  4
   *Iskenderun's Battlesphere         Conjuration/Charms           5
Magical staves
 a - an uncursed staff of conjuration (weapon)
Miscellaneous
 X - a stone of tremors (inert)
Rods
 P - a +2 rod of shadows (12/12)
   (You found it on level 6 of the Lair of Beasts)
 Q - a +7 rod of inaccuracy (12/12)
   (You found it on level 6 of the Lair of Beasts)


   Skills:
 * Level 3.2 Fighting
 - Level 1.7 Staves
 * Level 2.3 Dodging
 - Level 1.0 Stealth
   Level 1.0 Shields
 * Level 16.5 Spellcasting
 * Level 15.3 Conjurations
 * Level 9.3 Fire Magic
 - Level 1.0 Evocations


You had 11 spell levels left.
You knew the following spells:

 Your Spells              Type           Power        Failure   Level  Hunger
a - Magic Dart            Conj           ####         0%          1    None
b - Iskenderun's Mystic   Conj           #######.     1%          4    None
c - Mephitic Cloud        Conj/Pois/Air  ######..     1%          3    None
d - Fireball              Conj/Fire      #######...   1%          5    ##.....
e - Inner Flame           Hex/Fire       ####....     1%          3    None
f - Ignite Poison         Fire/Trmt      ####......   4%          5    ##.....
g - Conjure Flame         Conj/Fire      #######.     1%          3    None
h - Swiftness             Chrm/Air       ###.....     8%          2    None
i - Iskenderun's Battles  Conj/Chrm      ######..     1%          5    ##.....
j - Blink                 Tloc           N/A          8%          2    None
k - Delayed Fireball      Conj/Fire      N/A          5%          7    ######.


Dungeon Overview and Level Annotations

Branches:
Dungeon (11/15)            Temple (1/1) D:7             Orc (3/4) D:11
   Lair (8/8) D:10         Shoals (0/5) Lair:5       Spider (0/5) Lair:6
  Slime (0/6) Lair:7
    Elf: Orc:3-4

Altars:
Ashenzari
Cheibriados
Dithmenos
Elyvilon
Fedhas
Gozag
Kikubaaqudgha
Makhleb
Nemelex Xobeh
Okawaru
Qazlal
Sif Muna
Trog
Vehumet
Xom
Yredelemnul
Zin
The Shining One
Beogh
Jiyva

Shops:
D:6 =   D:10 *


Innate Abilities, Weirdness & Mutations

You have claws for feet.
You are surrounded by a mild repulsion field (EV +2).
Your flesh is cold resistant.
You can steal the life force of nearby defeated enemies.
You sometimes gain power by taking damage.


Message History

The blue devil hits you but does no damage.
The blue devil swoops through the air toward you!
The blue devil hits you!
* * * LOW HITPOINT WARNING * * *
Drink which item? (? for menu, Esc to quit)
You feel better. The smoke demon gestures at you. Something smites you!
* * * LOW HITPOINT WARNING * * *
The blue devil hits you!
* * * LOW HITPOINT WARNING * * *
The blue devil closely misses you. The blue devil barely misses you.
Your magical contamination has completely faded away.
Casting: Conjure Flame
Confirm with . or Enter, or press ? or * to list all spells.
You feel quick. The smoke demon gestures at you. Something smites you!
You die...

.♣♣..♣♣....♣♣♣.♣♣.......♣♣♣♣♣♣♣♣.
.♣♣♣♣♣♣♣...♣ ♣♣♣♣....§♣♣♣ ♣♣ ♣♣♣♣
♣♣♣♣♣ ♣.♣..§§ ♣ ♣..♣ ♣.♣♣♣ ♣♣
...♣ ♣.♣♣ ♣♣♣. ...♣ ♣♣..♣♣ ♣♣♣...
♣..♣♣♣ ♣♣....♣♣♣♣♣♣..♣♣♣ ♣♣...♣♣
♣♣♣...♣.......♣♣♣ ♣ ♣♣...♣♣♣♣
♣♣♣♣4@♣.♣♣♣♣...♣♣♣ ♣
♣♣♣....♣♣♣..4♣♣♣..♣♣♣♣♣♣♣ ♣♣
♣♣♣..4§..4♣♣ ♣♣..♣♣ ♣. ♣♣♣3♣♣.♣♣
♣♣..♣♣ ♣. ########.♣♣♣♣♣ ♣♣♣..♣♣
♣♣ ........# ♣♣..♣..♣ ♣ S).8.8..#
♣..♣♣..♣♣ ♣♣ ..8.8...#
♣♣.♣♣♣♣..♣♣ ♣. ...8.8..# ♣♣..♣
♣♣..♣♣♣ ♣♣


You could see a smoke demon, 3 blue devils and a red devil.

Vanquished Creatures
  A dire elephant (Lair:8)
  Snorg (Lair:6)
  A fire dragon (Lair:6)
  Fannar (Lair:4)
  11 hydras
  A ravenous feature mimic (Lair:8)
  Erica (Orc:3)
  12 death yaks
  A catoblepas (Lair:5)
  2 orc knights (Orc:3)
  4 hill giants
  A wizard (Lair:8)
  A cyclops (Orc:3)
  A lindwurm (Lair:5)
  A griffon (Lair:8)
  Maurice (D:10)
  4 black mambas
  A mermaid (Lair:5)
  A molten gargoyle (Lair:8)
  17 spiny frogs
  A gargoyle (D:10)
  Psyche (Orc:3)
  2 komodo dragons
  7 fire drakes
  A jumping spider (Lair:7)
  A polar bear (Lair:8)
  2 centaur skeletons
  A two-headed ogre (D:8)
  A boulder beetle (Lair:6)
  19 blink frogs
  A troll (D:10)
  A deep elf mage (D:11)
  5 sharks
  3 wyverns
  A shadow (D:11)
  2 redbacks (Lair:7)
  4 basilisks
  A tarantella (Lair:7)
  2 fire elementals (Lair:8)
  47 yaks
  Eustachio (D:4)
  3 wandering mushrooms (Lair:1)
  A hungry ghost (D:10)
  4 fire bats (Lair:8)
  2 humans (D:10)
  9 hippogriffs
  11 soldier ants
  18 wolves
  6 wargs
  Edmund (D:5)
  19 water moccasins
  20 orc warriors
  2 hell hounds (Lair:8)
  A yellow wasp (D:9)
  11 porcupines
  2 black bears
  A manticore zombie (D:10)
  10 ogres
  A sky beast (D:11)
  An ice beast (D:7)
  12 crocodiles
  5 centaurs
  The ghost of Quh the Grave Robber, an average DsNe (D:3)
  2 boring beetles (Lair:8)
  A phantom (D:7)
  Sigmund (D:6)
  Duvessa (D:6)
  A lava worm (Lair:8)
  A big kobold (D:11)
  A cyclops zombie (D:11)
  13 giant frogs
  3 scorpions
  2 troll zombies
  A cyclops skeleton (D:10)
  A hippogriff zombie (D:8)
  6 killer bees (D:7)
  4 goliath beetles
  A quasit (D:11)
  4 electric eels
  16 wights
  12 hounds
  A black bear zombie (D:10)
  5 crimson imps
  A jelly (D:6)
  16 orc priests
  Natasha (thrice) (D:5)
  16 orc wizards
  8 big fish
  41 worker ants
  12 iguanas
  12 sheep
  Dowan (D:6)
  An ogre skeleton (D:4)
  A mummy (D:11)
  8 gnolls
  28 adders
  39 green rats
  2 orc zombies
  6 giant mites
  A shadow imp (D:11)
  2 worms
  2 adder zombies
  7 giant geckos
  148 orcs
  2 ball pythons
  4 giant cockroaches
  15 goblins
  13 hobgoblins
  25 jackals
  26 quokkas
  28 bats
  9 giant newts
  A giant spore (D:8)
  A goblin zombie (D:5)
  A hobgoblin zombie (D:9)
  27 kobolds
  18 rats
  A rat skeleton (D:7)
  3 ballistomycetes
  2 bushes
  28 fungi
  17 plants
962 creatures vanquished.

Vanquished Creatures (others)
  A quokka (D:9)
  A giant spore (D:9)
  8 fungi
  6 plants
16 creatures vanquished.

Grand Total: 978 creatures vanquished

Notes
Turn   | Place    | Note
--------------------------------------------------------------
     0 | D:1      | Chiseanne, the Demonspawn Wanderer, began the quest for the Orb.
     0 | D:1      | Reached XP level 1. HP: 16/16 MP: 4/4
     3 | D:1      | Learned a level 1 spell: Magic Dart
   326 | D:1      | Gained mutation: You have sharp toenails. [demonic ancestry]
   326 | D:1      | Reached XP level 2. HP: 16/22 MP: 0/6
  1348 | D:2      | Reached skill level 1 in Conjurations
  1364 | D:2      | Gained mutation: You can steal the life force of nearby defeated enemies. [demonic ancestry]
  1364 | D:2      | Reached XP level 3. HP: 18/27 MP: 0/8
  1528 | D:2      | Learned a level 3 spell: Conjure Flame
  1535 | D:2      | Learned a level 3 spell: Mephitic Cloud
  1538 | D:2      | Learned a level 2 spell: Blink
  1676 | D:2      | Found a sparkling altar of Nemelex Xobeh.
  1679 | D:2      | Reached skill level 4 in Spellcasting
  1887 | D:2      | Reached XP level 4. HP: 33/33 MP: 6/11
  2843 | D:3      | Noticed Quh's ghost (average DsNe)
  3794 | D:3      | Killed Quh's ghost
  3794 | D:3      | Reached skill level 5 in Spellcasting
  3794 | D:3      | Reached XP level 5. HP: 28/38 MP: 4/15
  4195 | D:4      | Noticed an ogre
  4212 | D:4      | Killed an ogre
  4212 | D:4      | Gained mutation: You sometimes gain a little power by taking damage. [demonic ancestry]
  4212 | D:4      | Reached XP level 6. HP: 2/44 MP: 2/17
  4362 | D:4      | Noticed an ogre
  4378 | D:4      | Killed an ogre
  4775 | D:4      | Noticed an ogre
  4787 | D:4      | Killed an ogre
  4787 | D:4      | Reached skill level 6 in Spellcasting
  4787 | D:4      | Gained mutation: You sometimes gain power by taking damage. [demonic ancestry]
  4787 | D:4      | Reached XP level 7. HP: 50/50 MP: 7/20
  5203 | D:4      | Noticed Eustachio
  5222 | D:4      | Killed Eustachio
  5222 | D:4      | Reached skill level 5 in Conjurations
  5288 | D:5      | Entered Level 5 of the Dungeon
  5641 | D:5      | Noticed Natasha
  5648 | D:5      | Killed Natasha
  5662 | D:5      | Noticed Natasha
  5672 | D:5      | Killed Natasha
  5713 | D:5      | Noticed Natasha
  5717 | D:5      | Killed Natasha
  5921 | D:5      | Reached skill level 7 in Spellcasting
  6014 | D:5      | Found a burning altar of Makhleb.
  6015 | D:5      | Found a shimmering altar of Xom.
  6448 | D:5      | Gained mutation: You are surrounded by a mild repulsion field (EV +2). [demonic ancestry]
  6448 | D:5      | Reached XP level 8. HP: 51/56 MP: 14/23
  6808 | D:6      | Found a shadowy altar of Dithmenos.
  6808 | D:6      | Noticed Edmund
  6817 | D:5      | Killed Edmund
  7246 | D:6      | Reached skill level 8 in Spellcasting
  7399 | D:6      | Noticed Sigmund
  7408 | D:6      | Killed Sigmund
  7435 | D:6      | Noticed Duvessa
  7444 | D:6      | Killed Duvessa
  7447 | D:6      | Noticed Dowan
  7452 | D:6      | Killed Dowan
  7534 | D:6      | Found Yri Reec's Jewellery Emporium.
  7540 | D:6      | Bought an uncursed ring of magical power for 240 gold pieces
  8123 | D:6      | Learned a level 2 spell: Repel Missiles
  8357 | D:6      | Gained mutation: You have razor-sharp toenails. [demonic ancestry]
  8357 | D:6      | Reached XP level 9. HP: 61/61 MP: 21/26
  8420 | D:6      | Got a bloodstained cutlass
  8421 | D:6      | Identified the +1,+8 cutlass of Imbalance {drain, rElec Int-2} (You took it off an orc warrior on level 6 of the Dungeon)
  8571 | D:7      | Reached skill level 9 in Spellcasting
  9026 | D:7      | Found a staircase to the Ecumenical Temple.
  9044 | Temple   | Entered the Ecumenical Temple
  9275 | Temple   | Became a worshipper of Vehumet
  9956 | D:7      | Found a deep blue altar of Sif Muna.
 10049 | D:7      | Reached skill level 10 in Spellcasting
 10119 | D:7      | Learned a level 3 spell: Inner Flame
 10125 | D:7      | Learned a level 5 spell: Fireball
 10147 | D:7      | Acquired Vehumet's first power
 10147 | D:7      | Offered knowledge of Shock by Vehumet.
 11548 | D:8      | Found a blossoming altar of Fedhas.
 12157 | D:9      | Found a white marble altar of Elyvilon.
 12554 | D:9      | Reached skill level 1 in Fire Magic
 12554 | D:9      | Reached XP level 10. HP: 67/67 MP: 29/29
 13435 | D:10     | Entered Level 10 of the Dungeon
 13524 | D:10     | Noticed a hill giant
 13539 | D:10     | Killed a hill giant
 13539 | D:10     | Reached skill level 11 in Spellcasting
 13707 | D:10     | Found an iron altar of Okawaru.
 13833 | D:10     | Found a staircase to the Lair.
 14136 | D:10     | Reached skill level 10 in Conjurations
 14214 | D:10     | Offered knowledge of Searing Ray by Vehumet.
 14527 | D:10     | Found Datym Duwe's Assorted Antiques.
 14755 | D:10     | Bought a scroll of identify for 64 gold pieces
 14847 | D:10     | Noticed Maurice
 14860 | D:10     | Killed Maurice
 15362 | D:11     | Noticed a hill giant
 15368 | D:11     | Killed a hill giant
 15572 | D:11     | Gained mutation: You have claws for feet. [demonic ancestry]
 15572 | D:11     | Reached XP level 11. HP: 72/72 MP: 15/31
 15853 | D:11     | Noticed a hill giant
 15858 | D:11     | Killed a hill giant
 15858 | D:11     | Reached skill level 12 in Spellcasting
 16425 | D:11     | Offered knowledge of Throw Frost by Vehumet.
 16475 | D:11     | Acquired Vehumet's second power
 16483 | D:11     | Learned a level 5 spell: Ignite Poison
 16675 | D:11     | Offered knowledge of Iskenderun's Mystic Blast by Vehumet.
 16681 | D:11     | Learned a level 4 spell: Iskenderun's Mystic Blast
 16706 | D:11     | Found a staircase to the Orcish Mines.
 16923 | D:11     | Noticed a hill giant
 16952 | D:11     | Killed a hill giant
 16952 | D:11     | Reached skill level 5 in Fire Magic
 17172 | D:11     | Acquired Vehumet's third power
 17544 | D:11     | Offered knowledge of Iskenderun's Battlesphere by Vehumet.
 17551 | D:11     | Learned a level 5 spell: Iskenderun's Battlesphere
 17867 | D:11     | Noticed a six-headed hydra
 17874 | D:11     | Killed a six-headed hydra
 18075 | Lair:1   | Entered Level 1 of the Lair of Beasts
 19011 | Lair:1   | Reached XP level 12. HP: 78/78 MP: 17/32
 19013 | Lair:1   | Reached skill level 13 in Spellcasting
 20413 | Lair:1   | Upgraded the game from 0.15-a0-1293-g4a08026 to 0.15-a0-1309-g3520d71
 20947 | Lair:2   | Offered knowledge of Orb of Destruction by Vehumet.
 21742 | Orc:1    | Entered Level 1 of the Orcish Mines
 21925 | Orc:1    | Found a roughly hewn altar of Beogh.
 22920 | Orc:3    | Noticed Psyche
 22924 | Orc:3    | Killed Psyche
 23161 | Orc:3    | Noticed Erica
 23168 | Orc:3    | Killed Erica
 23589 | Orc:3    | Offered knowledge of Airstrike by Vehumet.
 23627 | Orc:3    | Noticed an orc warlord
 23927 | Orc:3    | Reached skill level 14 in Spellcasting
 24504 | Orc:3    | Noticed an orc warlord
 25890 | Lair:3   | Learned a level 2 spell: Swiftness
 26037 | Lair:3   | Reached XP level 13. HP: 83/83 MP: 34/34
 26441 | Lair:4   | Noticed Fannar
 26447 | Lair:4   | Killed Fannar
 26657 | Lair:4   | Identified the Volume of Cold
 27879 | Lair:5   | Found a staircase to the Shoals.
 28129 | Lair:5   | Offered knowledge of Bolt of Magma by Vehumet.
 29162 | Lair:5   | Reached skill level 15 in Spellcasting
 30526 | Lair:6   | Noticed Snorg
 30532 | Lair:6   | Killed Snorg
 30869 | Lair:6   | Offered knowledge of Lee's Rapid Deconstruction by Vehumet.
 31485 | Lair:5   | Gained mutation: Your flesh is cold resistant. [demonic ancestry]
 31485 | Lair:5   | Reached XP level 14. HP: 90/90 MP: 16/36
 32165 | Lair:6   | Found a hole to the Spider Nest.
 32446 | Lair:6   | Got a twisted scale mail
 32450 | Lair:6   | Identified the cursed -3 scale mail "Ploogy" {rPois SInv} (You found it on level 6 of the Lair of Beasts)
 34077 | Lair:6   | Identified a +2 rod of shadows (12/12) (You found it on level 6 of the Lair of Beasts)
 34078 | Lair:6   | Identified a +7 rod of inaccuracy (12/12) (You found it on level 6 of the Lair of Beasts)
 34131 | Lair:6   | Reached skill level 16 in Spellcasting
 34562 | Lair:7   | Found a viscous altar of Jiyva.
 34564 | Lair:7   | Found a staircase to the Slime Pits.
 34680 | Lair:7   | Reached skill level 15 in Conjurations
 34972 | Lair:8   | Entered Level 8 of the Lair of Beasts
 35522 | Lair:8   | Reached skill level 1 in Dodging
 36062 | Lair:8   | Offered knowledge of Delayed Fireball by Vehumet.
 36071 | Lair:8   | Learned a level 7 spell: Delayed Fireball
 38274 | Lair:8   | Found a burning altar of Makhleb.
 38329 | Lair:8   | Killed from afar by a smoke demon

Action                   |  1- 3 |  4- 6 |  7- 9 | 10-12 | 13-15 || total
-------------------------+-------+-------+-------+-------+-------++-------
Melee: Mace              |    29 |    20 |       |       |       ||    49
       Dagger            |       |    46 |   241 |   165 |       ||   452
       Flail             |       |       |       |    15 |    35 ||    50
       Staff             |       |       |       |       |     8 ||     8
 Cast: Magic Dart        |    90 |   158 |   334 |   446 |   135 ||  1163
       Mephitic Cloud    |       |     4 |    48 |    32 |       ||    84
       Conjure Flame     |       |     2 |    48 |   102 |    20 ||   172
       Inner Flame       |       |       |     3 |    42 |     3 ||    48
       Fireball          |       |       |     1 |   117 |   226 ||   344
       Iskenderun's Batt |       |       |       |    60 |   101 ||   161
       Iskenderun's Myst |       |       |       |    60 |   197 ||   257
       Ignite Poison     |       |       |       |     1 |       ||     1
       Blink             |       |       |       |       |    21 ||    21
       Swiftness         |       |       |       |       |    11 ||    11
       Delayed Fireball  |       |       |       |       |     1 ||     1
 Abil: Evoke Invisibilit |       |       |       |     1 |       ||     1
Evoke: Wand              |       |       |     8 |    31 |    18 ||    57
       Stone of tremors  |       |       |       |       |     1 ||     1
  Use: Scroll            |     6 |       |    22 |    14 |     2 ||    44
       Potion            |       |     1 |     2 |    10 |     5 ||    18
 Stab: Confused          |       |       |     5 |     4 |       ||     9
       Paralysed         |       |       |     2 |       |       ||     2
       Sleeping          |       |       |     1 |       |       ||     1
